PL
BUCKHEAD BOWTIES @ CHICAGO GOLD SOX
08/16/2034
 
TOP OF THE 1ST
Buckhead Bowties batting - Pitching for Chicago Gold Sox : RHP Tony Alfonso
Pitching: RHP Tony Alfonso
Batting: LHB José Valéncia 0-0: Ball
1-0: Ball
2-0: Ball
3-0: Called Strike
3-1: Called Strike
3-2: Foul Ball, location: 2F
3-2: Fly out, F9 (Flyball, 89M)
Batting: LHB Yu-zeng Si 0-0: Ball
1-0: Called Strike
1-1: Fly out, F9 (Flyball, 9LMF)
Batting: LHB Edwin Church 0-0: Called Strike
0-1: Ball
1-1: Ball
2-1: Ball
3-1: Swinging Strike
3-2: Foul Ball, location: 2F
3-2: Strikes out swinging
Top of the 1st over - 0 runs, 0 hits, 0 errors, 0 left on base; Buckhead 0 - Chicago 0
BOTTOM OF THE 1ST
Chicago Gold Sox batting - Pitching for Buckhead Bowties : RHP Ron Manning
Pitching: RHP Ron Manning
Batting: RHB Mario Álvarez 0-0: Ball
1-0: SINGLE (Groundball, 56D)
Batting: RHB Ramón Rodríguez 0-0: Called Strike
0-1: Foul Ball, location: 2F
0-2: Foul Ball, location: 2F
0-2: Ball
1-2: Ball
2-2: Grounds into double play, 6-4-3 (Groundball, 6)
Batting: LHB William O'Keefe 0-0: Ball
1-0: Ball
2-0: Called Strike
2-1: Ball
3-1: Fly out, F8 (Flyball, 8LD)
Bottom of the 1st over - 0 runs, 1 hit, 0 errors, 0 left on base; Buckhead 0 - Chicago 0
TOP OF THE 2ND
Buckhead Bowties batting - Pitching for Chicago Gold Sox : RHP Tony Alfonso
Batting: LHB Shunso Kiyomizu 0-0: Ball
1-0: Foul Ball, location: 2F
1-1: Called Strike
1-2: Ball
2-2: Foul Ball, location: 2F
2-2: Strikes out looking
Batting: RHB Richard Jost 0-0: Ball
1-0: Swinging Strike
1-1: Foul Ball, location: 2F
1-2: Foul Ball, location: 2F
1-2: Foul Ball, location: 2F
1-2: Ball
2-2: Foul Ball, location: 2F
2-2: Strikes out looking
Batting: RHB Derek Bangert 0-0: Foul Ball, location: 2F
0-1: Called Strike
0-2: Ball
1-2: Ball
2-2: Foul Ball, location: 2F
2-2: Ball
3-2: Foul Ball, location: 2F
3-2: SINGLE (Line Drive, 56)
Batting: RHB David Edwards 0-0: Ball
1-0: Called Strike
1-1: Ball
2-1: Foul Ball, location: 2F
2-2: Foul Ball, location: 2F
2-2: Ball
3-2: Foul Ball, location: 2F
3-2: Base on Balls
Derek Bangert to second
Batting: RHB Daniel McCoy 0-0: Called Strike
0-1: SINGLE (Line Drive, 89M)
Derek Bangert to third
David Edwards to second
Runner from 3rd tries for Home, SAFE, no throw
Batting: RHB Raúl Ruíz 0-0: Foul Ball, location: 2F
0-1: Foul Ball, location: 2F
0-2: Ball
1-2: Strikes out swinging
Top of the 2nd over - 1 run, 2 hits, 0 errors, 2 left on base; Buckhead 1 - Chicago 0
BOTTOM OF THE 2ND
Chicago Gold Sox batting - Pitching for Buckhead Bowties : RHP Ron Manning
Batting: RHB Shimei Miura 0-0: Ball
1-0: Swinging Strike
1-1: Called Strike
1-2: Strikes out swinging
Batting: SHB Lupo Cotto 0-0: Called Strike
0-1: Ball
1-1: SINGLE (Groundball, 34S) (infield hit)
Batting: LHB Shigenobu Ohayashi 0-0: Ball
1-0: Called Strike
1-1: Ball
2-1: Called Strike
2-2: Foul Ball, location: 2F
2-2: Ball
3-2: SINGLE (Groundball, 34D)
Lupo Cotto to second
Runner from 2nd tries for 3rd, SAFE, no throw
Batting: RHB Jay Hood 0-0: Called Strike
0-1: Called Strike
Shigenobu Ohayashi steals 2nd base
0-2: Ball
1-2: Strikes out swinging
Batting: RHB Felix Plugge 0-0: Ball
1-0: Ground out 6-3 (Groundball, 6)
Bottom of the 2nd over - 0 runs, 2 hits, 0 errors, 2 left on base; Buckhead 1 - Chicago 0
TOP OF THE 3RD
Buckhead Bowties batting - Pitching for Chicago Gold Sox : RHP Tony Alfonso
Batting: LHB José Valéncia 0-0: Called Strike
0-1: Ball
1-1: Foul Ball, location: 2F
1-2: SINGLE (Line Drive, 78S)
Batting: LHB Yu-zeng Si 0-0: Called Strike
0-1: Called Strike
0-2: Foul Ball, location: 2F
0-2: Foul Ball, location: 2F
0-2: Ball
1-2: Foul Ball, location: 2F
1-2: Ball
2-2: Fly out, F8 (Flyball, 8RXD)
Batting: LHB Edwin Church 0-0: Ball
José Valéncia steals 2nd base
1-0: Called Strike
1-1: Ball
2-1: Swinging Strike
2-2: Strikes out swinging
Batting: LHB Shunso Kiyomizu 0-0: Called Strike
0-1: Ball
1-1: Ball
2-1: Fly out, F9 (Flyball, 9D)
Top of the 3rd over - 0 runs, 1 hit, 0 errors, 1 left on base; Buckhead 1 - Chicago 0
BOTTOM OF THE 3RD
Chicago Gold Sox batting - Pitching for Buckhead Bowties : RHP Ron Manning
Batting: RHB Hirohisa Ogasawara 0-0: Fly out, F3 (Popup, 3)
Batting: RHB Mario Álvarez 0-0: Foul Ball, location: 2F
0-1: Foul Ball, location: 2F
0-2: Foul Ball, location: 2F
0-2: Ball
1-2: Ball
2-2: Ground out 5-3 (Groundball, 5L)
Batting: RHB Ramón Rodríguez 0-0: Ground out 6-3 (Groundball, 6M)
Bottom of the 3rd over - 0 runs, 0 hits, 0 errors, 0 left on base; Buckhead 1 - Chicago 0
TOP OF THE 4TH
Buckhead Bowties batting - Pitching for Chicago Gold Sox : RHP Tony Alfonso
Batting: RHB Richard Jost 0-0: Called Strike
0-1: Fly out, F8 (Flyball, 8LD)
Batting: RHB Derek Bangert 0-0: Ball
1-0: Foul Ball, location: 2F
1-1: Foul Ball, location: 2F
1-2: Fly out, F7 (Flyball, 7LSF)
Batting: RHB David Edwards 0-0: Swinging Strike
0-1: Ball
1-1: Ball
2-1: Ball
3-1: Foul Ball, location: 2F
3-2: Foul Ball, location: 2F
3-2: Strikes out swinging
Top of the 4th over - 0 runs, 0 hits, 0 errors, 0 left on base; Buckhead 1 - Chicago 0
BOTTOM OF THE 4TH
Chicago Gold Sox batting - Pitching for Buckhead Bowties : RHP Ron Manning
Batting: LHB William O'Keefe 0-0: Ball
1-0: SOLO HOME RUN (Flyball, 9LD), Distance : 357 ft
Batting: RHB Shimei Miura 0-0: Foul Ball, location: 2F
0-1: Ball
1-1: Swinging Strike
1-2: Fly out, F8 (Line Drive, 8LS)
Batting: SHB Lupo Cotto 0-0: Ball
1-0: Foul Ball, location: 2F
1-1: Ball
2-1: Called Strike
2-2: Ball
3-2: SOLO HOME RUN (Flyball, 9LD), Distance : 341 ft
Batting: LHB Shigenobu Ohayashi 0-0: Called Strike
0-1: Bunt for hit - play at first, batter OUT! 2-3
Batting: RHB Jay Hood 0-0: Ball
1-0: Ground out 5-3 (Groundball, 56)
Bottom of the 4th over - 2 runs, 2 hits, 0 errors, 0 left on base; Buckhead 1 - Chicago 2
TOP OF THE 5TH
Buckhead Bowties batting - Pitching for Chicago Gold Sox : RHP Tony Alfonso
Batting: RHB Daniel McCoy 0-0: Ball
1-0: Ground out 5-3 (Groundball, 56)
Batting: RHB Raúl Ruíz 0-0: Ball
1-0: Called Strike
1-1: Ball
2-1: Foul Ball, location: 2F
2-2: Ball
3-2: Foul Ball, location: 2F
3-2: Strikes out swinging
Batting: LHB José Valéncia 0-0: Foul Ball, location: 2F
0-1: Ball
1-1: Foul Ball, location: 2F
1-2: Foul Ball, location: 2F
1-2: Ball
2-2: TRIPLE (Flyball, 78XD)
Pitching: RHP Mario Gonzáles
Batting: LHB Yu-zeng Si 0-0: Foul Ball, location: 2F
0-1: Ball
1-1: Ball
2-1: Ball
3-1: Called Strike
3-2: Base on Balls
Batting: LHB Edwin Church 0-0: Ball
1-0: Ball
2-0: Ball
3-0: Called Strike
3-1: Base on Balls
Yu-zeng Si to second
Batting: LHB Shunso Kiyomizu 0-0: Ball
1-0: Called Strike
1-1: Fly out, F7 (Flyball, 7LMF)
Top of the 5th over - 0 runs, 1 hit, 0 errors, 3 left on base; Buckhead 1 - Chicago 2
BOTTOM OF THE 5TH
Chicago Gold Sox batting - Pitching for Buckhead Bowties : RHP Ron Manning
Batting: RHB Felix Plugge 0-0: Ball
1-0: Called Strike
1-1: Swinging Strike
1-2: Ball
2-2: Strikes out swinging passed ball, reaches first!
Batting: RHB Hirohisa Ogasawara 0-0: Ground out U3 (Groundball, 2R)
Felix Plugge to second
Batting: RHB Mario Álvarez 0-0: Called Strike
0-1: Swinging Strike
0-2: Strikes out swinging
Batting: RHB Ramón Rodríguez 0-0: Ball
1-0: Ball
2-0: Foul Ball, location: 2F
2-1: Called Strike
2-2: Foul Ball, location: 2F
2-2: Fly out, F9 (Flyball, 9D)
Bottom of the 5th over - 0 runs, 0 hits, 0 errors, 1 left on base; Buckhead 1 - Chicago 2
TOP OF THE 6TH
Buckhead Bowties batting - Pitching for Chicago Gold Sox : RHP Mario Gonzáles
Batting: RHB Richard Jost 0-0: Ball
1-0: SINGLE (Line Drive, 89S)
Batting: RHB Derek Bangert 0-0: Sac Bunt - play at first, batter OUT! 1-3
Richard Jost to second
Batting: RHB David Edwards 0-0: Ball
1-0: Foul Ball, location: 2F
1-1: Called Strike
1-2: Foul Ball, location: 2F
1-2: Foul Ball, location: 2F
1-2: Fly out, F7 (Flyball, 7S)
Batting: RHB Daniel McCoy 0-0: Ball
1-0: Ball
2-0: Called Strike
2-1: Ball
3-1: Base on Balls
Batting: RHB Raúl Ruíz 0-0: Ball
1-0: Ball
2-0: Called Strike
2-1: Ball
3-1: SINGLE (Groundball, 6MD)
Richard Jost to third
Daniel McCoy to second
Runner from 3rd tries for Home, throw and OUT!
Top of the 6th over - 0 runs, 2 hits, 0 errors, 2 left on base; Buckhead 1 - Chicago 2
BOTTOM OF THE 6TH
Chicago Gold Sox batting - Pitching for Buckhead Bowties : RHP Ron Manning
Batting: LHB William O'Keefe 0-0: Ground out 4-3 (Groundball, 4)
Batting: RHB Shimei Miura 0-0: Ball
1-0: Foul Ball, location: 2F
1-1: Foul Ball, location: 2F
1-2: Strikes out swinging
Batting: SHB Lupo Cotto 0-0: Called Strike
0-1: Ground out 4-3 (Groundball, 4)
Bottom of the 6th over - 0 runs, 0 hits, 0 errors, 0 left on base; Buckhead 1 - Chicago 2
TOP OF THE 7TH
Buckhead Bowties batting - Pitching for Chicago Gold Sox : RHP Mario Gonzáles
Batting: LHB José Valéncia 0-0: DOUBLE (Flyball, 78D)
Batting: LHB Yu-zeng Si 0-0: Foul Ball, location: 2F
0-1: DOUBLE (Line Drive, 9D)
José Valéncia scores
Batting: LHB Edwin Church 0-0: Ball
1-0: Ball
2-0: Foul Ball, location: 2F
2-1: Ball
3-1: Called Strike
3-2: Ground out 4-3 (Groundball, 4D)
Yu-zeng Si to third
Batting: LHB Shunso Kiyomizu 0-0: Ball
1-0: Ball
2-0: Ball
3-0: Called Strike
3-1: Ground out 4-3 (Groundball, 4)
Batting: RHB Richard Jost 0-0: Called Strike
0-1: Ball
1-1: Ball
2-1: Swinging Strike
2-2: Foul Ball, location: 2F
2-2: Ground out 5-3 (Groundball, 56S)
Top of the 7th over - 1 run, 2 hits, 0 errors, 1 left on base; Buckhead 2 - Chicago 2
BOTTOM OF THE 7TH
Chicago Gold Sox batting - Pitching for Buckhead Bowties : RHP Ron Manning
Batting: LHB Shigenobu Ohayashi 0-0: Foul Ball, location: 2F
0-1: Foul Ball, location: 2F
0-2: Ground out 3-1 (Groundball, 34)
Batting: RHB Jay Hood 0-0: Ball
1-0: Swinging Strike
1-1: Ball
2-1: SOLO HOME RUN (Flyball, 7D), Distance : 404 ft
Batting: RHB Felix Plugge 0-0: Ball
1-0: Foul Ball, location: 2F
1-1: Foul Ball, location: 2F
1-2: Ball
2-2: Foul Ball, location: 2F
2-2: Foul Ball, location: 2F
2-2: Ball
3-2: Ground out 6-3 (Groundball, 6)
Batting: RHB Hirohisa Ogasawara 0-0: Called Strike
0-1: Fly out, F7 (Flyball, 78S)
Bottom of the 7th over - 1 run, 1 hit, 0 errors, 0 left on base; Buckhead 2 - Chicago 3
TOP OF THE 8TH
Buckhead Bowties batting - Pitching for Chicago Gold Sox : RHP Mario Gonzáles
Batting: RHB Derek Bangert 0-0: Foul Ball, location: 2F
0-1: Ground out 5-3 (Groundball, 5S)
Batting: RHB David Edwards 0-0: Ground out 6-3 (Groundball, 6)
Batting: RHB Daniel McCoy 0-0: Ball
1-0: Foul Ball, location: 2F
1-1: Foul Ball, location: 2F
1-2: Foul Ball, location: 2F
1-2: Foul Ball, location: 2F
1-2: Ground out 6-3 (Groundball, 56)
Top of the 8th over - 0 runs, 0 hits, 0 errors, 0 left on base; Buckhead 2 - Chicago 3
BOTTOM OF THE 8TH
Chicago Gold Sox batting - Pitching for Buckhead Bowties : RHP Ron Manning
Batting: RHB Mario Álvarez 0-0: Ball
1-0: Ground out 3-1 (Groundball, 34S)
Batting: RHB Ramón Rodríguez 0-0: Ball
1-0: Ball
2-0: SOLO HOME RUN (Flyball, 7LD), Distance : 361 ft
Pitching: RHP Nand Lal Chaudhary
Batting: LHB William O'Keefe 0-0: Ball
1-0: Called Strike
1-1: Ball
2-1: Ball
3-1: Foul Ball, location: 2F
3-2: Ground out U3 (Groundball, 3S)
Batting: RHB Shimei Miura 0-0: Ball
1-0: Foul Ball, location: 2F
1-1: Ball
2-1: Foul Ball, location: 2F
2-2: Foul Ball, location: 2F
2-2: Ball
3-2: Base on Balls
Batting: SHB Lupo Cotto 0-0: Foul Ball, location: 2F
0-1: Ball
1-1: Swinging Strike
1-2: Strikes out swinging
Bottom of the 8th over - 1 run, 1 hit, 0 errors, 1 left on base; Buckhead 2 - Chicago 4
TOP OF THE 9TH
Buckhead Bowties batting - Pitching for Chicago Gold Sox : RHP Mario Gonzáles
Pitching: RHP Toshiki Yokoyama
Batting: RHB Raúl Ruíz 0-0: SINGLE (Line Drive, 6M)
Batting: LHB José Valéncia 0-0: Ball
1-0: Foul Ball, location: 2F
1-1: Foul Ball, location: 2F
1-2: Fielders Choice at 2nd, 4-6 (Groundball, 4D)
Batting: LHB Yu-zeng Si 0-0: Ball
1-0: Ball
2-0: Ball
3-0: Called Strike
3-1: DOUBLE (Line Drive, 9LM)
José Valéncia to third
Batting: LHB Edwin Church 0-0: Foul Ball, location: 2F
0-1: Ball
1-1: Foul Ball, location: 2F
1-2: Ball
2-2: Ground out 4-3 (Groundball, 4)
Batting: LHB Shunso Kiyomizu 0-0: Ball
1-0: Called Strike
1-1: Swinging Strike
1-2: Ball
2-2: Foul Ball, location: 2F
2-2: Ball
3-2: SINGLE (Line Drive, 4MD)
José Valéncia scores
Yu-zeng Si to third
Yu-zeng Si scores
Batting: RHB Richard Jost 0-0: Ball
1-0: Called Strike
1-1: Ball
2-1: Fly out, F7 (Flyball, 78XD)
Top of the 9th over - 2 runs, 3 hits, 0 errors, 1 left on base; Buckhead 4 - Chicago 4
BOTTOM OF THE 9TH
Chicago Gold Sox batting - Pitching for Buckhead Bowties : RHP Nand Lal Chaudhary
Batting: LHB Shigenobu Ohayashi 0-0: Ball
1-0: Called Strike
1-1: Ball
2-1: Foul Ball, location: 2F
2-2: Foul Ball, location: 2F
2-2: Fly out, F8 (Flyball, 8LS)
Batting: RHB Jay Hood 0-0: Called Strike
0-1: Ball
1-1: Foul Ball, location: 2F
1-2: Foul Ball, location: 2F
1-2: Foul Ball, location: 2F
1-2: Foul Ball, location: 2F
1-2: Foul Ball, location: 2F
1-2: Strikes out looking
Batting: RHB Felix Plugge 0-0: Ball
1-0: Ball
2-0: Foul Ball, location: 2F
2-1: Foul Ball, location: 2F
2-2: Ground out 5-3 (Groundball, 56S)
Bottom of the 9th over - 0 runs, 0 hits, 0 errors, 0 left on base; Buckhead 4 - Chicago 4
TOP OF THE 10TH
Buckhead Bowties batting - Pitching for Chicago Gold Sox : RHP Toshiki Yokoyama
Pitching: RHP Austin Aries
Batting: RHB Derek Bangert 0-0: Swinging Strike
0-1: Hit by Pitch
Batting: RHB David Edwards 0-0: Foul Ball, location: 2F
0-1: Foul Ball, location: 2F
0-2: Ball
1-2: Strikes out looking
Batting: RHB Daniel McCoy 0-0: Ball
1-0: Foul Ball, location: 2F
1-1: SINGLE (Groundball, 34D)
Derek Bangert to second
Runner from 2nd tries for 3rd, SAFE, no throw
Batting: RHB Raúl Ruíz 0-0: Ball
1-0: 3-RUN HOME RUN (Flyball, 7D), Distance : 448 ft
Pitching: LHP Esteban Jiménez
Batting: LHB José Valéncia 0-0: SINGLE (Groundball, 4S) (infield hit)
Batting: LHB Yu-zeng Si 0-0: Ball
1-0: Foul Ball, location: 2F
1-1: Ball
2-1: Ball
3-1: Base on Balls
José Valéncia to second
Batting: LHB Edwin Church 0-0: Called Strike
0-1: Grounds into double play, 4-6-3 (Groundball, 4)
Top of the 10th over - 3 runs, 3 hits, 0 errors, 1 left on base; Buckhead 7 - Chicago 4
BOTTOM OF THE 10TH
Chicago Gold Sox batting - Pitching for Buckhead Bowties : RHP Nand Lal Chaudhary
Batting: RHB Hirohisa Ogasawara 0-0: Ground out 4-3 (Groundball, 4MS)
Batting: RHB Mario Álvarez 0-0: Foul Ball, location: 2F
0-1: Called Strike
0-2: Strikes out swinging
Batting: RHB Ramón Rodríguez 0-0: Ball
1-0: Ground out 6-3 (Groundball, 6)
Bottom of the 10th over - 0 runs, 0 hits, 0 errors, 0 left on base; Buckhead 7 - Chicago 4
Friday, March 29th, 2019 - OOTP Baseball 18.8 Build 76